 Dungeon Crawl Stone Soup version 0.31.0 (webtiles) character file.

Game seed: 10013784015187949637

40 monsoonserge the Trooper (level 3, -14/40 HPs)
             Began as an Oni Fighter on Jan 19, 2024.
             Demolished by Sigmund
             ... wielding a +2 heavy scythe
              (17 damage)
             ... on level 2 of the Dungeon.
             The game lasted 00:03:12 (916 turns).

monsoonserge the Trooper (Oni Fighter)               Turns: 916, Time: 00:03:13

Health: -14/40     AC:  3    Str: 22    XL:     3   Next: 50%
Magic:  3/3        EV:  8    Int:  9    God:
Gold:   50         SH:  7    Dex:  8    Spells: 2/2 levels left

rFire   . . .        a - +0 flail
rCold   . . .        c - +0 kite shield
rNeg    . . .        b - +0 robe
rPois   .            (helmet restricted)
rElec   .            (no cloak)
rCorr   .            (gloves unavailable)
SInv    .            (boots unavailable)
Will    .....        (no amulet)
Stlth   +            (no ring)
HPRegen 0.26/turn    (no ring)
MPRegen 0.08/turn

%: no passive effects
@: no status effects
A: large, unfitting armour, horns 1, tough skin 1, double potion healing,
drunken brawling
a: no special abilities


You were on level 2 of the Dungeon.
You visited 1 branch of the dungeon, and saw 2 of its levels.

You collected 50 gold pieces.

Inventory:

Hand Weapons
 a - a +0 flail (weapon)
Missiles
 e - a throwing net (quivered)
Armour
 b - a +0 robe (worn)
 c - a +0 kite shield (worn)
Scrolls
 g - a scroll of revelation {unknown}
 i - 2 scrolls of poison {unknown}
 j - a scroll of amnesia {unknown}
 k - a scroll of teleportation {unknown}
Potions
 d - a potion of might
 f - 2 potions of mutation {unknown}
 h - 4 potions of heal wounds {unknown}
 l - a potion of attraction {unknown}


   Skills:
 + Level 4.4 Fighting
 + Level 2.5 Maces & Flails
 + Level 3.1 Dodging
 + Level 3.1 Shields


You had 2 spell levels left.
You didn't know any spells.
Your spell library contained the following spells:

 Spells                   Type           Power      Damage    Failure   Level
 Apportation              Tloc           0%         N/A       67%         1
 Necrotise                Necr           0%         1d4       67%         1
 Sting                    Conj/Alch      0%         1d3       67%         1
 Summon Small Mammal      Summ           0%         N/A       67%         1


Dungeon Overview and Level Annotations

Branches:
Dungeon (2/15)

Altars:
Elyvilon

Annotations:
D:2 Sigmund


Innate Abilities, Weirdness & Mutations

You are too large for most types of armour.
You have a pair of small horns on your head.
You have tough skin. (AC +1)
You gain doubled healing and magic from potions.
Whenever you drink a healing potion, you attack all around you.


Message History

You bump into the rock wall.
Sigmund casts a spell at you. The puff of flame hits you!
You bump into the rock wall.
Sigmund points at you and mumbles some strange words.
You are more confused.
Sigmund points at you and mumbles some strange words.
The magic dart hits you!
You bump into the rock wall.
Sigmund casts a spell at you.
You are more confused.
You see here a rat corpse.
You bump into the rock wall.
You bump into the rock wall.
You bump into the rock wall.
You're too confused to move!
Okay, then.
You bump into the rock wall.
Sigmund hits you but does no damage.
You see here a rat corpse.
You hit Sigmund. Your headbutt misses Sigmund.
Sigmund is moderately wounded.
Sigmund gestures at you while chanting. The magic dart hits you.
You bump into the rock wall.
You feel less confused.
Sigmund points at you and mumbles some strange words.
You are confused.
You bump into the rock wall.
Sigmund barely misses you.
You bump into the rock wall.
You bump into the rock wall.
Sigmund gestures wildly while chanting.
Sigmund flickers and vanishes!
Deactivating autopickup; reactivate with Ctrl-A.
You bump into the rock wall.
Something hits you!!
Ouch! That really hurt!
* * * LOW HITPOINT WARNING * * *
You miss something.
You feel less confused.
You closely miss something. Something hits you!
You die...

#.......... ####..~~~~.
#####....~~~~~
#.......~~~~~~
#.......~~~~~~
#####....~~~~. #......... #
############.........
....###..{@............####
........##########.....#
....##### #.....# ..
#######


There were no monsters in sight!

Vanquished Creatures
  6 ball pythons (D:1)
  4 endoplasms (D:1)
  2 giant cockroaches (D:1)
  5 goblins
  3 hobgoblins (D:1)
  2 kobolds
  13 frilled lizards
  4 rats
39 creatures vanquished.

Notes
Turn   | Place    | Note
-------+----------+-------------------------------------------
     0 | D:1      | monsoonserge the Oni Fighter began the quest for the Orb.
     0 | D:1      | Reached XP level 1. HP: 24/24 MP: 1/1
    72 | D:1      | Reached XP level 2. HP: 30/32 MP: 2/2
   427 | D:1      | Reached XP level 3. HP: 39/40 MP: 3/3
   693 | D:2      | Found a white marble altar of Elyvilon.
   893 | D:2      | Noticed Sigmund
   914 | D:2      | HP: 2/40 [something (22)]
   916 | D:2      | Demolished by Sigmund

Illustrated notes

Levels and vault maps discovered:
D:1:      minmay_arrival_stone_box, layout_loops_ring, minmay_box_of_dots
D:2:      layout_rooms, basic_altar, minmay_lizard_pond, uniq_sigmund

Skill      XL: |  1  2 |
---------------+-------+-----
Shields        | 3 |  3.1
Dodging        | 3 |  3.1
Fighting       | |  4.4
Maces & Flails | |  2.5

Action                     || total
---------------------------++-------
  Melee: Flail             ||    97
         Headbutt          ||     9
 Armour: Robe              ||    59
  Dodge: Dodged            ||    36
  Block: Kite shield       ||    39
